 Dungeon Crawl Stone Soup version 0.29-a0-275-g389c0b56f3 (webtiles) character file.

Game seed: 9025187161857218887

20 Colgate the Vexing (level 2, -1/13 HPs)
             Began as a Spriggan Enchanter on Mar 9, 2022.
             Slain by a kobold
             ... wielding a +0 short sword
              (3 damage)
             ... on level 1 of the Dungeon.
             The game lasted 00:01:53 (539 turns).

Colgate the Vexing (Spriggan Enchanter)              Turns: 539, Time: 00:01:53

Health: -1/13      AC:  2    Str:  4    XL:     2   Next: 58%
Magic:  6/6        EV: 17    Int: 16    God:
Gold:   8          SH:  0    Dex: 15    Spells: 4/6 levels left

rFire   . . .      SeeInvis +   a - +1 dagger
rCold   . . .      Faith    .   (no shield)
rNeg    . . .      Spirit   .   d - +0 robe
rPois   .          Reflect  .   (helmet restricted)
rElec   .          Harm     .   (no cloak)
rCorr   .          Rampage  .   (gloves unavailable)
Will    .....                   (boots unavailable)
Stlth   +++.......              (no amulet)
HPRegen 0.04/turn               (no ring)
MPRegen 0.10/turn               (no ring)

@: very quick
A: very small, no large weapons, unfitting armour, see invisible, speed 3
a: no special abilities


You were on level 1 of the Dungeon.
You visited 1 branch of the dungeon, and saw 1 of its levels.

You collected 8 gold pieces.

Inventory:

Hand Weapons
 a - a +1 dagger (weapon)
 b - a +2 hunting sling of freezing
Armour
 d - a +0 robe (worn)
Scrolls
 e - a scroll of immolation {unknown}
Potions
 c - 2 potions of invisibility


   Skills:
 - Level 1.1 Short Blades
 - Level 2.6 Dodging
 - Level 4.4 Stealth
 - Level 2.6 Spellcasting
 + Level 4.8 Hexes


You had 4 spell levels left.
You knew the following spells:

 Your Spells              Type           Power      Damage    Failure   Level
a - Ensorcelled Hibernat  Hex/Ice        18%        N/A       11%         2

Your spell library contained the following spells:

 Spells                   Type           Power      Damage    Failure   Level
 Confusing Touch          Hex            17%        N/A       8%          3
 Tukima's Dance           Hex            17%        N/A       8%          3
 Dazzling Flash           Conj/Hex       18%        N/A       22%         3


Dungeon Overview and Level Annotations

Branches:
Dungeon (1/15)

Altars:


Innate Abilities, Weirdness & Mutations

You are very small and have problems with some larger weapons.
You are too small for most types of armour.
You have supernaturally acute eyesight. (SInv)
You cover ground extremely quickly. (Speed+++)


Message History

You are too injured to fight recklessly!
You are too injured to fight recklessly!
You are too injured to fight recklessly!
You are too injured to fight recklessly!
You are too injured to fight recklessly!
You are too injured to fight recklessly!
You are too injured to fight recklessly!
You are too injured to fight recklessly!
You are too injured to fight recklessly!
You are too injured to fight recklessly!
You are too injured to fight recklessly!
You hit the goblin but do no damage. The goblin closely misses you.
The kobold barely misses you.
You hit the goblin but do no damage. The goblin completely misses you.
The kobold misses you.
You hit the goblin. The kobold completely misses you.
The goblin barely misses you.
You hit the goblin but do no damage. The goblin hits you but does no damage.
The kobold misses you.
You hit the goblin but do no damage. The goblin closely misses you.
The kobold hits you with a +0 short sword.
* * * LOW HITPOINT WARNING * * *
You hit the goblin. The kobold misses you. The goblin closely misses you.
You barely miss the goblin. You punch the goblin.
You kill the goblin!
The kobold barely misses you.
The kobold hits you with a +0 short sword.
* * * LOW HITPOINT WARNING * * *
Things that are here:
a +0 dagger; a +0 chain mail; a scroll labelled AKAEB NESEGU The kobold attacks as you move away!
The kobold completely misses you. The kobold misses you.
You barely miss the kobold. The kobold completely misses you.
You barely miss the kobold. The kobold misses you.
You hit the kobold. The kobold closely misses you.
You closely miss the kobold. You hit the kobold but do no damage.
The kobold barely misses you.
You hit the kobold but do no damage. Your punch misses the kobold.
The kobold hits you with a +0 short sword.
You die...

########.##
#.#...........##
#........#
##.#.###########
#.######## ##.## #
#.# ### ### # #.# #..
# ##.########## #.#
##### # ............#
#.# #... #
.#......>.(.###.###.#
!#.....).......K@...#
...†#######.###.#####
##..# #.# #.# ....#
#.. ... ###.#
#.###... #.# #.#
##### #. #.# #. #.#


You could see a kobold.

Vanquished Creatures
  A dart slug (D:1)
  4 bats (D:1)
  An endoplasm (D:1)
  A giant cockroach (D:1)
  2 goblins (D:1)
  4 jackals (D:1)
  A quokka (D:1)
14 creatures vanquished.

Notes
Turn   | Place    | Note
-------+----------+-------------------------------------------
     0 | D:1      | Colgate the Spriggan Enchanter began the quest for the Orb.
     0 | D:1      | Reached XP level 1. HP: 9/9 MP: 5/5
   217 | D:1      | Reached XP level 2. HP: 13/13 MP: 6/6
   255 | D:1      | Learned a level 2 spell: Ensorcelled Hibernation
   539 | D:1      | Slain by a kobold

Illustrated notes

Levels and vault maps discovered:
D:1:      dpeg_arrival_lava_altar, layout_loops_ring,
          ebering_ecumenical_altar_box, minmay_pentomino_o4

Skill      XL: |  1 |
---------------+----+-----
Hexes          | 4 |  4.8
Short Blades   | |  1.1
Dodging        | |  2.6
Stealth        | |  4.4
Spellcasting   | |  2.6

Action                   || total
-------------------------++-------
Melee: Dagger            ||    50
       Punch             ||     2
 Fire: Hunting sling     ||    13
 Cast: Ensorcelled Hiber ||     1
 Stab: Sleeping          ||     3
Armor: Robe              ||    12
Dodge: Dodged            ||    52

Table legend: (Time is in decaauts)
 A = Elapsed time spent in this place.
 B = Non-inter-level travel time spent in this place.
 C = Inter-level travel time spent in this place.
 D = Time resting spent in this place.
 E = Time spent auto-exploring this place.
 F = Levels seen in this place.
 G = Mean time per level.
                   A        B        C        D        E       F      G
               +--------+--------+--------+--------+--------+-----+--------+
         Total |    394 |    394 |      0 |      0 |    206 |   1 |  394.0 |
       Dungeon |    394 |    394 |      0 |      0 |    206 |   1 |  394.0 |
               +--------+--------+--------+--------+--------+-----+--------+

Top non-repeatable levels by time:
     D:1: 394 daAuts
